 Dungeon Crawl Stone Soup version 0.28.0-53-g5a82cb258f (webtiles) character file.

Game seed: 1414895114089925586

71841 mrburnz the Bludgeoner (level 14, -2/186 HPs)
             Began as a Minotaur Berserker on June 3, 2022.
             Was an Elder of Trog.
             Slain by a blink frog (11 damage)
             ... on level 6 of the Lair of Beasts on June 4, 2022.
             The game lasted 02:23:35 (32746 turns).

mrburnz the Bludgeoner (Minotaur Berserker)        Turns: 32746, Time: 02:23:35

Health: -2/186     AC: 10    Str: 32    XL:     14   Next: 99%
Magic:  4/4        EV: 12    Int:  2    God:    Trog [****..]
Gold:   1073       SH:  0    Dex:  9    Spells: 13/13 levels left

rFire   + . .      SeeInvis .   n - +4 great mace (antimagic)
rCold   . . .      Faith    .   (shield currently unavailable)
rNeg    + + .      Spirit   .   T - +3 leather armour {rPois}
rPois   +          Reflect  .   (helmet restricted)
rElec   .          Harm     .   (no cloak)
rCorr   +          Rampage  .   w - +0 pair of gloves of Knowledge {Int+2}
Will    +....      Rnd*Tele +   (no boots)
Stlth   ..........              (no amulet)
HPRegen 0.00/turn               C - ring "Ritaim" {rF+ rN++ rCorr Int-4}
MPRegen 0.09/turn               Z - +6 ring of strength

@: berserking (expiring), inhibited regen, unable to read, very quick
A: horns 2, retaliatory headbutt, frail 1, inhibited regeneration, teleportitis
1, weak 1, subdued magic 1, inability to read while threatened
a: Renounce Religion, Berserk, Trog's Hand, Brothers in Arms


You were on level 6 of the Lair of Beasts.
You worshipped Trog.
Trog was greatly pleased with you.
You visited 2 branches of the dungeon, and saw 21 of its levels.
You also visited: Sewer.

You collected 1297 gold pieces.
You spent 224 gold pieces at shops.

Inventory:

Hand Weapons
 f - a +1 great mace of protection
 n - a +4 antimagic great mace (weapon)
 v - a +4 vampiric flail
 N - a +0 dire flail
Armour
 g - a +2 robe of willpower
 w - the +0 pair of gloves of Knowledge (worn) {Int+2}
   (You found it on level 15 of the Dungeon)

   Int:       It affects your intelligence (+2).
 J - a +4 ring mail
 L - a +2 plate armour of fire resistance
 T - a +3 leather armour of poison resistance (worn)
Jewellery
 m - a +6 ring of strength
 C - the ring "Ritaim" (left hand) {rF+ rN++ rCorr Int-4}
   (You found it on level 8 of the Dungeon)

   [ring of protection from fire]

   Int:       It affects your intelligence (-4).
   rF:        It protects you from fire.
   rN:        It greatly protects you from negative energy.
   rCorr:     It protects you from acid and corrosion.
 S - a +4 ring of protection
 V - an amulet of reflection
 W - a +6 ring of intelligence
 X - a ring of protection from fire
 Z - a +6 ring of strength (right hand)
Wands
 s - a wand of paralysis (5)
 y - a wand of charming (2)
 F - a wand of acid (2)
 I - a wand of mindburst (6)
 Q - a wand of flame (10)
 U - a wand of polymorph (10)
 Y - a wand of iceblast (12)
Scrolls
 a - 2 scrolls of holy word
 b - 6 scrolls of blinking
 d - 3 scrolls of fog
 j - 2 scrolls of magic mapping
 l - 2 scrolls of brand weapon
 o - a scroll of summoning
 p - 3 scrolls of immolation
 u - 5 scrolls of vulnerability
 x - 3 scrolls of amnesia
 A - a scroll of enchant armour
 D - a scroll of noise
 E - 3 scrolls of identify
 M - 2 scrolls of fear
 O - a scroll of teleportation
Potions
 c - 4 potions of degeneration
 e - 4 potions of cancellation
 h - a potion of magic
 i - a potion of mutation
 k - a potion of flight
 q - 6 potions of curing
 r - 3 potions of resistance
 t - a potion of heal wounds
 z - 3 potions of brilliance
 B - 3 potions of invisibility
 G - 2 potions of haste
 H - 3 potions of berserk rage
 K - 3 potions of might
 P - 3 potions of lignification
 R - 8 potions of ambrosia


   Skills:
 + Level 16.8 Fighting
 + Level 19.2 Maces & Flails
 * Level 18.9 Armour
 - Level 2.1 Dodging
 + Level 2.0 Unarmed Combat
 + Level 2.9 Evocations


You had 13 spell levels left.
You didn't know any spells.
Your spell library was empty.

Dungeon Overview and Level Annotations

Branches:
Dungeon (15/15)            Temple (0/1) D:7            Lair (6/6) D:8
  Swamp (0/4) Lair:3       Spider (0/4) Lair:2          Orc (0/2) D:11
 Vaults (0/5) D:13         Depths (0/4) D:15          Sewer (visited)
  Slime: Lair:5-6

Altars:
Fedhas
Gozag
Hepliaklqana
Kikubaaqudgha
Makhleb
Okawaru
Qazlal
Wu Jian
Xom
Yredelemnul
The Shining One
Beogh

Shops:
D:9 :   D:14 [

Portals:
Trove: D:12 (give 18 potions of curing)


Innate Abilities, Weirdness & Mutations

You have a pair of horns on your head.
You reflexively headbutt those who attack you in melee.
You are frail. (-10% HP)
You do not regenerate when monsters are visible.
You are occasionally teleported next to monsters.
You are weak. (Str -2)
Your spells are a little easier to cast, but a little less powerful.
You sometimes lose the ability to read scrolls when taking damage.


Message History

The blink frog hits you!
* * * LOW HITPOINT WARNING * * *
The blink frog hits you!
* * * LOW HITPOINT WARNING * * *
The blink frog hits you.
* * * LOW HITPOINT WARNING * * *
The blink frog blinks!
The basilisk gazes at you. The blink frog hits you.
You turn to flesh and can move again.
You are too berserk!
You sock the basilisk!
The basilisk's magic leaks into the air.
You headbutt the basilisk!!
The basilisk is severely wounded.
You can read scrolls again.
The blink frog hits you.
* * * LOW HITPOINT WARNING * * *
The small abomination hits you!
You feel threatened and lose the ability to read scrolls!
* * * LOW HITPOINT WARNING * * *
You beat the basilisk like a drum!!!
You feel the power of Trog in you as your rage grows.
You kill the basilisk!
Trog accepts your kill.
The blink frog hits you but does no damage.
The blink frog blinks!
You closely miss the basilisk. Your headbutt misses the basilisk.
The blink frog hits you!
* * * LOW HITPOINT WARNING * * *
The blink frog blinks!
The basilisk barely misses you. The small abomination hits you!
* * * LOW HITPOINT WARNING * * *
You are too berserk!
You are too berserk!
The basilisk gazes at you.
You easily resist.
You feel a strong urge to attack something.
You closely miss the blink frog. The blink frog hits you!
You die...

♣...♣♣..♣♣
♣.♣...♣♣P## ♣...♣
♣...♣ ♣.♣......P#
♣...
♣...♣♣♣♣♣♣♣♣♣.†.P##
♣♣♣ ♣♣.†.♣.♣ ♣♣♣†.#
♣♣†...♣♣ ♣.###
♣.....♣ ♣♣...#
♣♣♣♣..♣ ♣...######
♣♣xF♣ ♣......P.#
♣♣!l@♣ ♣........##
♣♣4...♣ ♣.........#
♣..l..♣ ♣.......###
♣....F♣♣.♣
♣.......# ♣....♣
♣..♣ ♣♣.......#
♣♣..♣ ♣♣.♣
♣♣........## ♣.. .♣
♣..........# ♣..♣
.. ♣.........##
♣...
.?♣♣.....P#.....


You could see 2 basilisks, 2 blink frogs, a chaos spawn and a small abomination.

Vanquished Creatures
  Gastronok (D:12)
  Kirke (D:13)
  The ghost of Xiestris the Carver, a journeyman DsGl of Makhleb (D:15)
  An ironbound preserver (D:13)
  Josephine (Lair:5)
  2 boulder beetles
  8 hydras
  A rakshasa (D:15)
  A catoblepas (Lair:3)
  4 two-headed ogres
  4 centaur warriors
  4 tengu warriors
  A shock serpent (shapeshifter) (D:15)
  A glowing orange brain (D:15)
  6 deep elf pyromancers
  12 ugly things
  A mana viper (shapeshifter) (D:15)
  An orc knight (D:15)
  3 manticores
  A will-o-the-wisp (Lair:3)
  6 cyclopes
  A spectral centaur (D:12)
  6 elephants (Lair:3)
  A black mamba (Lair:4)
  11 cane toads
  A torpor snail (Lair:4)
  A gargoyle (D:11)
  A yaktaur (shapeshifter) (D:13)
  4 unseen horrors
  An efreet (D:14)
  10 komodo dragons
  2 freezing wraiths
  2 kobold demonologists
  A rime drake (Lair:1)
  2 tengu conjurers
  A queen bee (Lair:2)
  6 trolls
  A tarantella (Lair:2)
  9 blink frogs
  14 slime creatures
  A dream sheep (D:12)
  A vampire (D:11)
  A shadow (D:10)
  4 wyverns
  18 yaks
  4 hogs (D:13)
  6 wraiths
  Grum (D:11)
  11 basilisks
  A steam dragon (Lair:3)
  23 vampire mosquitoes
  A chaos spawn (Lair:6)
  An acid dragon (D:10)
  6 water moccasins
  5 orc warriors
  2 black bears
  A hornet zombie (D:8)
  3 necrophages
  3 ogres
  A boggart (D:15)
  9 wolves
  5 centaurs
  The ghost of Zeld the Conjurer, an amateur DECj (D:3)
  A kobold brigand (D:7)
  16 bullfrogs
  3 wyvern zombies (D:8)
  13 scorpions
  3 small abominations (Lair:6)
  25 killer bees
  13 wights
  4 howler monkeys
  5 hounds
  A jelly (D:5)
  A bullfrog zombie (D:6)
  11 centaur zombies
  9 orc priests
  A human zombie (D:8)
  3 bullfrog skeletons
  3 centaur skeletons
  5 iguanas
  Terence (D:2)
  14 orc wizards
  2 killer bee zombies
  A hound zombie (D:5)
  3 mummies (D:8)
  A howler monkey zombie (D:9)
  8 gnolls
  A howler monkey skeleton (D:5)
  4 adders
  2 shadow imps
  2 white imps
  2 ufetubi
  2 adder skeletons (D:4)
  A worm (D:4)
  3 dart slugs
  36 orcs
  10 endoplasms
  13 giant cockroaches
  9 goblins
  13 hobgoblins
  3 jackals (D:1)
  5 quokkas
  8 ball pythons
  7 bats
  9 frilled lizards
  10 kobolds
  6 rats
  A butterfly (D:11)
539 creatures vanquished.

Vanquished Creatures (others)
  A draconian (D:1)
  An octopode (D:1)
  A gargoyle (D:1)
  A vine stalker (D:1)
  2 spriggans (D:1)
  A demigod (D:1)
  2 dwarves (D:1)
  An ogre (D:1)
  2 orcs (D:1)
  36 fungi
  39 plants
  10 tentacles (D:1)
97 creatures vanquished.

Grand Total: 636 creatures vanquished

Notes
Turn   | Place    | Note
-------+----------+-------------------------------------------
     0 | D:1      | mrburnz the Minotaur Berserker began the quest for the Orb.
     0 | D:1      | Reached XP level 1. HP: 19/19 MP: 0/0
     0 | D:1      | Noticed a dwarf
     0 | D:1      | Noticed an octopode
     0 | D:1      | Noticed a gargoyle
     0 | D:1      | Noticed a spriggan
     0 | D:1      | Noticed a demigod
     0 | D:1      | Noticed a spriggan
     0 | D:1      | Noticed an ogre
     0 | D:1      | Noticed a kraken
     0 | D:1      | Noticed a dwarf
     0 | D:1      | Noticed a draconian
     0 | D:1      | Noticed a vine stalker
     6 | D:1      | Killed an octopode
     7 | D:1      | Killed a gargoyle
     9 | D:1      | Killed an ogre
    10 | D:1      | Killed a spriggan
    11 | D:1      | Killed a dwarf
    14 | D:1      | Killed a spriggan
    15 | D:1      | Killed a dwarf
    17 | D:1      | Killed a vine stalker
    18 | D:1      | Killed a demigod
    20 | D:1      | Killed a draconian
   295 | D:1      | Reached skill level 4 in Maces & Flails
   295 | D:1      | Reached XP level 2. HP: 26/27 MP: 1/1
   805 | D:1      | Reached ** piety under Trog
   806 | D:1      | Reached XP level 3. HP: 34/34 MP: 2/2
  1297 | D:2      | Noticed Terence
  1307 | D:2      | Killed Terence
  1308 | D:2      | Reached XP level 4. HP: 35/41 MP: 3/3
  1430 | D:2      | Reached skill level 5 in Maces & Flails
  1493 | D:2      | Found a blossoming altar of Fedhas.
  1790 | D:2      | Reached skill level 5 in Fighting
  1796 | D:2      | Reached XP level 5. HP: 20/48 MP: 4/4
  2058 | D:3      | Reached skill level 6 in Maces & Flails
  2136 | D:3      | Found a faded altar of an unknown god.
  2248 | D:3      | Found a glowing drain.
  2257 | D:3      | Reached *** piety under Trog
  2320 | Sewer    | Entered a sewer
  2606 | Sewer    | Reached XP level 6. HP: 31/56 MP: 5/5
  3035 | D:3      | Found a runed translucent gate.
  3035 | D:3      | Found a runed translucent gate.
  3035 | D:3      | Found a runed translucent gate.
  3036 | D:3      | Noticed Zeld's ghost (amateur DECj)
  3055 | D:3      | Killed Zeld's ghost
  3445 | D:4      | Reached skill level 7 in Maces & Flails
  3445 | D:4      | Reached skill level 5 in Armour
  3466 | D:4      | Reached XP level 7. HP: 27/62 MP: 6/6
  3790 | D:4      | Found a hazy altar of Hepliaklqana.
  4164 | D:4      | Found an iron altar of Okawaru.
  4209 | D:4      | Found a glowing golden altar of the Shining One.
  4264 | D:4      | Reached skill level 8 in Maces & Flails
  4663 | D:4      | Found an opulent altar of Gozag.
  4663 | D:4      | Found a stormy altar of Qazlal.
  4663 | D:4      | Found a shimmering altar of Xom.
  4879 | D:5      | Entered Level 5 of the Dungeon
  4961 | D:5      | Reached XP level 8. HP: 66/71 MP: 7/7
  5080 | D:5      | Reached skill level 9 in Maces & Flails
  5793 | D:6      | Reached **** piety under Trog
  6005 | D:6      | Found an iron altar of Okawaru.
  6023 | D:6      | Reached skill level 10 in Maces & Flails
  6419 | D:6      | Reached XP level 9. HP: 74/76 MP: 8/8
  6646 | D:6      | Found an iron altar of Okawaru.
  6694 | D:6      | Found an ancient bone altar of Kikubaaqudgha.
  7171 | D:7      | Noticed a cyclops
  7186 | D:7      | Killed a cyclops
  7249 | D:7      | Reached skill level 11 in Maces & Flails
  7261 | D:7      | Found a staircase to the Ecumenical Temple.
  8043 | D:8      | Found a staircase to the Lair.
  8044 | D:8      | Noticed a komodo dragon
  8056 | D:8      | Killed a komodo dragon
  8123 | D:8      | Identified the ring "Ritaim" {rF+ rN++ rCorr Int-4}
  8260 | D:8      | Reached skill level 12 in Maces & Flails
  8514 | D:9      | Noticed a two-headed ogre
  8631 | D:8      | Noticed a cyan ugly thing
  8647 | D:8      | Killed a cyan ugly thing
  8648 | D:8      | Reached XP level 10. HP: 53/91 MP: 9/9
  8881 | D:8      | Found a basalt altar of Yredelemnul.
  8899 | D:8      | Reached skill level 10 in Armour
  9551 | Lair:1   | Entered Level 1 of the Lair of Beasts
  9594 | Lair:1   | Reached skill level 13 in Maces & Flails
  9838 | D:9      | Found Tiarif's Book Emporium.
  9855 | D:9      | Noticed a cyclops
  9868 | D:9      | Killed a cyclops
 10072 | D:9      | Killed a two-headed ogre
 10073 | D:9      | Reached skill level 10 in Fighting
 10299 | D:9      | Reached skill level 14 in Maces & Flails
 10489 | D:9      | Found an ancient bone altar of Kikubaaqudgha.
 10788 | D:10     | Entered Level 10 of the Dungeon
 10855 | D:9      | Reached XP level 11. HP: 100/100 MP: 10/10
 10965 | D:10     | Noticed a deep elf pyromancer
 10966 | D:10     | Noticed a two-headed ogre
 10983 | D:10     | Killed a deep elf pyromancer
 10989 | D:10     | Killed a two-headed ogre
 10992 | D:10     | Reached ***** piety under Trog
 10993 | D:10     | Reached skill level 1 in Evocations
 11488 | D:10     | Identified the +1 quick blade "Imp's Peril" {drain, rC++
                  | Dex+6 Stlth+}
 12212 | D:10     | Noticed a purple ugly thing
 12227 | D:10     | Noticed a six-headed hydra
 12228 | D:10     | Killed a purple ugly thing
 12232 | D:10     | Reached skill level 15 in Maces & Flails
 12239 | D:10     | Killed a six-headed hydra
 12240 | D:10     | Identified the +1 morningstar of Radicalism {freeze, *Rage
                  | rC- MP+9 Stlth+}
 12287 | D:10     | Noticed a brown ugly thing
 12295 | D:10     | Killed a brown ugly thing
 12654 | D:11     | Identified the +7 falchion "Minotaur's Peril" {venom, rPois
                  | Will- Str+9 Dex-5}
 12813 | D:11     | Reached XP level 12. HP: 108/111 MP: 11/11
 13140 | D:11     | Found a staircase to the Orcish Mines.
 13518 | D:11     | Noticed Grum
 13529 | D:11     | Killed Grum
 13645 | D:11     | Found a runed translucent door.
 13685 | D:11     | Noticed a four-headed hydra
 13692 | D:11     | Killed a four-headed hydra
 13736 | D:11     | Found a runed translucent door.
 14220 | D:12     | Found a portal to a secret trove of treasure.
 14264 | D:12     | HP: 5/112 [white ugly thing (33)]
 14701 | D:12     | Noticed Gastronok
 14734 | D:12     | Killed Gastronok
 14735 | D:12     | Reached skill level 15 in Armour
 15450 | D:12     | Noticed Nessos
 15464 | D:12     | Noticed Nessos
 15464 | D:12     | Nessos changed into Nessos the dream sheep
 15471 | D:12     | Killed Nessos the dream sheep
 16768 | D:12     | Reached skill level 16 in Maces & Flails
 17706 | D:13     | Noticed a two-headed ogre
 17720 | D:13     | Killed a two-headed ogre
 17770 | D:13     | Noticed a tengu warrior
 17947 | D:13     | Killed a tengu warrior
 17948 | D:13     | Reached XP level 13. HP: 122/122 MP: 12/12
 18198 | D:13     | Noticed Kirke
 18200 | D:13     | Noticed an ironbound preserver
 18541 | D:13     | Killed an ironbound preserver
 19075 | D:13     | Killed Kirke
 19228 | D:13     | Found a gate to the Vaults.
 19503 | D:14     | Found the +9 staff of Olgreb {rPois∞}
 19748 | D:14     | Reached skill level 1 in Unarmed Combat
 19922 | D:14     | Found an ornate altar of the Wu Jian Council.
 20169 | D:14     | Found Poamut's Armour Emporium.
 20769 | D:15     | Entered Level 15 of the Dungeon
 20783 | D:15     | Found a runed translucent gate.
 20784 | D:15     | Found a runed translucent gate.
 20785 | D:15     | Found a runed translucent gate.
 20786 | D:15     | Noticed Xiestris's ghost (journeyman DsGl)
 21085 | D:15     | Received a gift from Trog
 21095 | D:15     | Reached skill level 15 in Fighting
 21522 | D:15     | Found a staircase to the Depths.
 21995 | D:15     | Reached skill level 17 in Maces & Flails
 22001 | D:15     | Reached XP level 14. HP: 107/135 MP: 4/13
 22375 | D:15     | Found a burning altar of Makhleb.
 22557 | D:15     | Gained mutation: Your spells are a little easier to cast,
                  | but a little less powerful. [mutagenic glow]
 22577 | D:15     | Gained mutation: You do not regenerate when monsters are
                  | visible. [mutagenic glow]
 22595 | D:15     | Gained mutation: You sometimes lose the ability to read
                  | scrolls when taking damage. [mutagenic glow]
 22606 | D:15     | Gained mutation: You are occasionally teleported next to
                  | monsters. [mutagenic glow]
 22616 | D:15     | Gained mutation: You are weak. (Str -2) [mutagenic glow]
 22628 | D:15     | Gained mutation: You are frail. (-10% HP) [mutagenic glow]
 22644 | D:15     | Gained mutation: Your magical capacity is low. (-10% MP)
                  | [mutagenic glow]
 22663 | D:15     | Killed Xiestris's ghost
 22672 | D:15     | Lost mutation: Your magical capacity is low. (-10% MP)
                  | [mutagenic glow]
 22790 | D:15     | HP: 7/181 [centaur warrior/arrow[a boggart] (11)]
 23833 | D:15     | Identified the +0 pair of gloves of Knowledge {Int+2}
 24805 | D:14     | Bought a +2 leather armour of poison resistance for 224
                  | gold pieces
 25089 | Lair:1   | Lost intelligence.
 27554 | Lair:2   | Found a hole to the Spider Nest.
 27671 | Lair:2   | Reached skill level 18 in Maces & Flails
 29303 | Lair:3   | Found a staircase to the Swamp.
 31971 | Lair:5   | Reached skill level 19 in Maces & Flails
 32049 | Lair:5   | Noticed Josephine
 32058 | Lair:5   | Killed Josephine
 32543 | Lair:6   | Entered Level 6 of the Lair of Beasts
 32743 | Lair:6   | HP: 9/186 [small abomination (7)]
 32746 | Lair:6   | Slain by a blink frog

Illustrated notes

Levels and vault maps discovered:
D:1:      nicolae_arrival_kraken_aquarium_a, layout_loops_ring,
          grunt_decor_clamped
D:2:      layout_rooms, basic_altar, hangedman_decor_clover_reticule,
          minmay_pentomino_x2, uniq_terence
D:3:      layout_rooms, ebering_ecumenical_altar_petrified,
          cheibrodos_sewer_entry_sluice, ebering_ghost_rock_garden,
          minmay_cut_off
D:4:      layout_loops_ring, okawaru_trees_1, nicolae_overflow_crystal_walls,
          overflow_temple_1_default, gammafunk_temple_overflow_claw
D:5:      layout_loops_cross
D:6:      layout_rooms, hangedman_feature_mirror, grunt_ministairs_7,
          kennysheep_diamond
D:7:      layout_basic, minmay_temple_entry_arrows
D:8:      layout_loops_ring, lemuel_mausoleum_altar_yredelemnul,
          david_lair_shrubbed
D:9:      layout_irregular_city, mainiacjoe_overflow_paths, serial_shops,
          shop_statue, grunt_ministairs_13
D:10:     minmay_the_grid_octo_2x2 [minmay_the_grid_octo_clover_2,
          minmay_the_grid_octo_77, minmay_the_grid_octo_tetromino_candy,
          minmay_the_grid_octo_prize_single_spiral], layout_basic
D:11:     lemuel_insect_pit, layout_irregular_city,
          minmay_orc_entry_temple_small, uniq_grum
D:12:     layout_layer_cave, enter_trove_1, hangedman_weighted_door,
          uniq_nessos, uniq_gastronok
D:13:     layout_gridville, skrybe_vaults_entry_preservation, uniq_kirke
D:14:     layout_irregular_city, nzn_wu_jian_council_hall,
          nicolae_take_the_stairs, serial_bayou_pond_d, minivault_12
D:15:     gammafunk_enter_depths_forms, layout_loops_ring, serial_glass,
          glass_columns_b, glass_columns_a, glass_columns_c, glass_columns_a,
          gammafunk_ghost_tricky_traps, makhleb_altar_promises_db
Lair:1:   layout_loops_ring, enter_volcano_2
Lair:2:   layout_roguey [special_room_bee], spider_nest_entry_rubble,
          special_room
Lair:3:   layout_long_grid, minmay_swamp_entry_wisps, minmay_stone_trees_medium,
          grunt_megastairs_3
Lair:4:   layout_roguey
Lair:5:   layout_long_grid, uniq_josephine
Lair:6:   hellmonk_lair_end_abyssal_woods, layout_cave_pods,
          nicolae_slime_entry_slimehenge

Skill      XL: |  1  2  3  4  5  6  7  8  9 10 11 12 13 14 |
---------------+-------------------------------------------+-----
Fighting       | 4 5 6 7 9 10 11 13 15 16 | 16.8
Maces & Flails | 4 5 6 7 8 10 12 14 15 16 17 19 | 19.2
Armour         | 3 4 5 6 8 9 11 14 16 18 | 18.9
Evocations     | 2 |  2.9
Unarmed Combat | 2 |  2.0
Dodging        | |  2.1

Action                   |  1- 3 |  4- 6 |  7- 9 | 10-12 | 13-15 || total
-------------------------+-------+-------+-------+-------+-------++-------
Melee: Mace              |    70 |    13 |       |       |       ||    83
       Headbutt          |     5 |    15 |    51 |   130 |   157 ||   358
       Flail             |       |   130 |   321 |   599 |   263 ||  1313
       Punch             |       |     1 |     4 |    13 |     6 ||    24
       Great mace        |       |       |       |       |   455 ||   455
       Unarmed           |       |       |       |       |     9 ||     9
Invok: Berserk           |       |     5 |     6 |    19 |    19 ||    49
Evoke: Wand              |       |       |     1 |    11 |     7 ||    19
  Use: Scroll            |       |     1 |     9 |    10 |    17 ||    37
       Potion            |       |       |       |     3 |     7 ||    10
 Stab: Paralysed         |       |       |     1 |       |       ||     1
Armor: Animal skin       |     7 |       |       |       |       ||     7
       Chain mail        |    23 |    89 |   174 |    53 |       ||   339
       Plate armour      |       |       |       |   599 |   450 ||  1049
       Leather armour    |       |       |       |       |   195 ||   195
Dodge: Dodged            |    40 |    73 |   145 |   234 |   401 ||   893
